 Dungeon Crawl Stone Soup version 0.26.1-2-gb8aa6d0cf2 (webtiles) character file.

Game seed: 13996463467552317622

192 jasper the Slasher (level 5, 40/45 HPs)
             Began as a Minotaur Warper on Mar 15, 2021.
             Quit the game on level 4 of the Dungeon.
             The game lasted 00:04:16 (3824 turns).

jasper the Slasher (Minotaur Warper)                Turns: 3824, Time: 00:04:16

Health: 40/45      AC: 19    Str: 16    XL:     5   Next: 42%
Magic:  6/15       EV:  7    Int: 10    God:
Gold:   246        SH:  0    Dex: 10    Spells: 0/6 levels left

rFire    . . .     SeeInvis .   a - +0 falchion
rCold    . . .     Faith    .   (no shield)
rNeg     . . .     Spirit   .   n - +0 chain mail
rPois    .         Reflect  .   (helmet restricted)
rElec    .         Harm     .   m - +2 cloak
rCorr    .         Rampage  .   o - +1 pair of gloves
Will     .....                  t - +0 pair of boots
Stlth    ..........             (no amulet)
HPRegen  0.15/turn              z - ring of magical power
MPRegen  0.14/turn              j - +4 ring of protection

@: no status effects
A: retaliatory headbutt, horns 2
a: no special abilities


You were on level 4 of the Dungeon.
You visited 1 branch of the dungeon, and saw 4 of its levels.

You collected 246 gold pieces.

Inventory:

Hand Weapons
 a - a +0 falchion (weapon)
 q - a +2 dagger of draining
Missiles
 e - 5 boomerangs of dispersal (quivered)
 g - 26 poisoned darts
 s - 85 stones
 v - 47 bolts
 w - 5 boomerangs
 y - 41 arrows
Armour
 b - a +0 leather armour
 m - a +2 cloak (worn)
 n - a +0 chain mail (worn)
 o - a +1 pair of gloves (worn)
 t - a +0 pair of boots (worn)
Jewellery
 j - a +4 ring of protection (right hand)
 z - a ring of magical power (left hand)
Wands
 c - a wand of flame (5)
Scrolls
 d - 2 scrolls of blinking
 f - 2 scrolls of enchant weapon {unknown}
 h - 3 scrolls of amnesia {unknown}
 k - a scroll of identify {unknown}
 l - 2 scrolls of teleportation {unknown}
 p - a scroll of random uselessness {unknown}
 r - 3 scrolls of remove curse {unknown}
 u - 2 scrolls of immolation {unknown}
Potions
 i - a potion of flight
 x - a potion of brilliance {unknown}


   Skills:
 + Level 3.3 Fighting
 * Level 5.5 Long Blades
 - Level 1.0 Throwing
 + Level 2.9 Armour
 + Level 2.8 Dodging
 - Level 1.3 Spellcasting
 - Level 2.1 Translocations


You couldn't memorise any spells.
You knew the following spells:

 Your Spells              Type           Power        Failure   Level
a - Blink                 Tloc           N/A          98%         2
b - Passage of Golubria   Tloc           N/A          100%        4

Your spell library contained the following spells:

 Spells                   Type           Power        Failure   Level
 Gell's Gravitas          Tloc           2%           100%        3
 Lesser Beckoning         Tloc           2%           100%        3
 Teleport Other           Tloc           5%           100%        3


Dungeon Overview and Level Annotations

Branches:
Dungeon (4/15)
 Temple: D:4-7

Altars:


Innate Abilities, Weirdness & Mutations

You reflexively headbutt those who attack you in melee.
You have a pair of horns on your head.


Message History

Things that are here:
a +3 dagger of holy wrath; a +0 ring mail
Okay, then.
Unknown command.
A hound comes into view.
The hound barks!
Found a spear.
You see here a granite ring.
z - a granite ring You feel your magic capacity increase.
z - a ring of magical power (left hand)
j - a +4 ring of protection (right hand) Unknown command.
Char dumped successfully.
Unknown command.
Okay, then.
Unknown command.
Are you sure you want to abandon this character and quit the game? (Confirm with "yes".)
Okay, then.
Are you sure you want to abandon this character and quit the game? (Confirm with "yes".)

#.... ♣P≈P♣♣ #.....
♣♣♣♣≈≈♣♣ . #....#
≈♣♣P♣≈≈≈.≈ . .##....##
.≈..≈≈≈≈†. #.........
♣P≈♣≈.≈≈≈ #.. #....#
♣♣♣♣♣P≈P♣♣
##..##....######...♣♣≈♣♣♣
..........)'......♣♣♣≈≈♣.
........@..#......♣♣P≈♣♣.
........h.†#.......♣P.≈♣.
##..##....##..##.........
# #....######.........
......# #..........
......(.# #..........
..........# #..<.......
....##....# ##.........
)... #....# #.........


You could see a hound.

Vanquished Creatures
  An iguana (D:4)
  Ijyb (D:4)
  A worker ant (D:4)
  Robin (D:2)
  3 adders
  An ooze (D:1)
  A worm (D:3)
  A dart slug (D:2)
  2 leopard geckos
  3 giant cockroaches
  7 hobgoblins
  6 jackals
  A quokka (D:2)
  11 bats
  A frilled lizard (D:2)
  19 goblins
  8 kobolds
  8 rats
76 creatures vanquished.

Vanquished Creatures (others)
  5 plants (D:1)
5 creatures vanquished.

Grand Total: 81 creatures vanquished

Notes
Turn   | Place    | Note
-------+----------+-------------------------------------------
     0 | D:1      | jasper the Minotaur Warper began the quest for the Orb.
     0 | D:1      | Reached XP level 1. HP: 18/18 MP: 1/1
   217 | D:1      | Reached XP level 2. HP: 25/25 MP: 3/3
   295 | D:1      | Learned a level 2 spell: Blink
   408 | D:1      | Reached skill level 3 in Long Blades
   757 | D:1      | Reached XP level 3. HP: 27/30 MP: 4/4
  1263 | D:2      | Noticed Robin
  1281 | D:2      | Killed Robin
  1282 | D:2      | Reached skill level 4 in Long Blades
  1440 | D:2      | Reached XP level 4. HP: 37/38 MP: 5/5
  3675 | D:4      | Reached skill level 5 in Long Blades
  3675 | D:4      | Reached XP level 5. HP: 45/45 MP: 6/6
  3680 | D:4      | Learned a level 4 spell: Passage of Golubria
  3764 | D:4      | Noticed Ijyb
  3813 | D:4      | Killed Ijyb
  3824 | D:4      | Quit the game

Illustrated notes

Levels and vault maps discovered:
D:1:      ebering_hopf_link, layout_loops_corners, minmay_tree_intersection,
          serial_bayou_lake_a
D:2:      layout_loops_ring, uniq_robin
D:3:      layout_basic
D:4:      layout_gridville, minmay_temple_entry_overgrown,
          serial_bayou_crossing, uniq_ijyb

Skill      XL: |  1  2  3  4 |
---------------+-------------+-----
Long Blades    | 3 4 5 |  5.5
Fighting       | 3 |  3.3
Armour         | 2 |  2.9
Throwing       | |  1.0
Dodging        | |  2.8
Spellcasting   | |  1.3
Translocations | |  2.1

Action                   |  1- 3 |  4- 6 || total
-------------------------+-------+-------++-------
Melee: Falchion          |   103 |   144 ||   247
       Headbutt          |    15 |    20 ||    35
  Use: Potion            |       |     2 ||     2
Armor: Leather armour    |    20 |       ||    20
       Chain mail        |    42 |   101 ||   143
Dodge: Dodged            |    64 |    61 ||   125
       Rpst.: Falchion   |    19 |    20 ||    39
